 Dungeon Sprint DCSS version 0.21.0-26-g889b8f6 (webtiles) character file.

92815 wojtek the Axe Maniac (level 14, 0/148 (152) HPs)
             Began as a Minotaur Berserker on Jan 27, 2018.
             Was an Elder of Trog.
             Slain by wojtek's illusion (1 damage)
             ... woven by Mara
             ... in the Dungeon (Sprint III: "The Ten Rune Challenge").
             The game lasted 00:22:52 (6303 turns).

wojtek the Axe Maniac (Minotaur Berserker)          Turns: 6303, Time: 00:22:54

HP:   0/148 (152)   AC: 29    Str: 27    XL:     14   Next: 73%
MP:   13/13         EV: 17    Int:  4    God:    Trog [****..]
Gold: 244           SH:  0    Dex: 10    Spells: 13/13 levels left

rFire    . . .     SeeInvis .   a - +8 executioner's axe of the Hawk {flame, +Inv rPois}
rCold    + + .     Gourm    .   (shield currently unavailable)
rNeg     . . .     Faith    .   w - +0 plate armour
rPois    +         Spirit   .   B - +2 hat
rElec    +         Reflect  .   U - +0 cloak
rCorr    .         Harm     .   V - +2 pair of gloves
MR       ++...     NoTele   +   H - +0 pair of boots {Stlth+}
Stlth    ..........             (no amulet)
HPRegen  0.34/turn              L - ring of protection from cold
MPRegen  0.13/turn              I - ring "Ivvoul" {rElec rC+ MR+}

@: no status effects
A: retaliatory headbutt, horns 2
}: 2/10 runes: serpentine, barnacled
a: Berserk, Trog's Hand, Brothers in Arms, Burn Spellbooks, Renounce Religion,
Evoke Invisibility


You were in the Dungeon.
You worshipped Trog.
Trog was greatly pleased with you.
You were very hungry.

You visited 1 branch You collected 1406 gold pieces.
You spent 1162 gold pieces at shops.

Inventory:

Hand Weapons
 a - the +8 executioner's axe of the Hawk (weapon) {flame, +Inv rPois}
   (Trog gifted it to you in the Dungeon)

   It has been specially enchanted to burn those struck by it, causing extra
   injury to most foes and up to half again as much damage against particularly
   susceptible opponents.
   Big, fiery blades are also staple armaments of hydra-hunters.
   It protects you from poison.
   It lets you turn invisible.
 k - a +6 antimagic battleaxe
 y - the +12 battleaxe of Demonkind {chaos, MR+}
   (Trog gifted it to you in the Dungeon)

   Each time it hits an enemy it has a different, random effect.
   It affects your resistance to hostile enchantments.
 A - the +9 battleaxe "Zopacs" {chop, rN+}
   (Trog gifted it to you in the Dungeon)

   It inflicts extra damage upon your enemies.
   It protects you from negative energy.
 Y - a +4 antimagic battleaxe
Missiles
 F - 7 poisoned javelins
 G - 9 javelins
 X - 3 throwing nets (quivered)
Armour
 w - a +0 plate armour (worn)
 B - a +2 hat (worn)
 H - a +0 pair of boots of stealth (worn)
 J - a +2 shield of reflection
 U - a +0 cloak (worn)
 V - a +2 pair of gloves (worn)
Jewellery
 I - the ring "Ivvoul" (right hand) {rElec rC+ MR+}
   (You bought it in a shop in the Dungeon)

   [ring of protection from magic]

   It protects you from cold.
   It insulates you from electricity.
   It affects your resistance to hostile enchantments.
 L - a ring of protection from cold (left hand)
Wands
 j - a wand of paralysis (16)
 N - a wand of acid (2)
Scrolls
 b - 5 scrolls of identify {unknown}
 i - a scroll of blinking
 m - a scroll of holy word {unknown}
 n - a scroll of remove curse
 p - a scroll of torment {unknown}
 q - 3 scrolls of fog
 M - a scroll of amnesia {unknown}
 O - a scroll of magic mapping {unknown}
Potions
 d - 5 potions of curing
 e - a potion of heal wounds
 f - 2 potions of haste
 g - 3 potions of magic
 h - 2 potions of berserk rage
 l - 5 potions of mutation {unknown}
 o - 2 potions of flight
 r - 2 potions of degeneration {unknown}
 t - 3 potions of might
Miscellaneous
 P - a fan of gales (inert)
Comestibles
 c - 15 rations


   Skills:
 + Level 21.8 Fighting
 O Level 27 Axes
 + Level 21.8 Armour
 + Level 20.3 Dodging


You had 13 spell levels left.
You didn't know any spells.

Dungeon Overview and Level Annotations

Branches:
Dungeon (1/1)

Altars:
Cheibriados
Dithmenos
Elyvilon
Fedhas
Gozag
Hepliaklqana
Kikubaaqudgha
Makhleb
Nemelex Xobeh
Okawaru
Qazlal
Ru
Sif Muna
Trog
Uskayaw
Vehumet
Wu Jian
Xom
Yredelemnul
Zin
The Shining One
Beogh
Jiyva
Lugonu

Shops:
D [=!}[%:}}%!!::%[=![(?=*}

Annotations:
D Mara


Innate Abilities, Weirdness & Mutations

You reflexively headbutt those who attack you in melee.
You have a pair of horns on your head.


Message History

You slash wojtek's illusion! You burn wojtek's illusion! You slash Mara!
Mara hits you but does no damage. Wojtek's illusion hits you!!
Wojtek's illusion burns you.
* * * LOW HITPOINT WARNING * * *
Unknown command.
You fail to use your ability.
Mara misses you. Mara gestures at you. You resist with some effort.
Wojtek's illusion hits you!
* * * LOW HITPOINT WARNING * * *
Wojtek's illusion burns you.
* * * LOW HITPOINT WARNING * * *
Unknown command.
Your ogre goes berserk!
You are feeling very hungry.
Mara gestures at you. The bolt of fire misses you. Mara closely misses you.
Wojtek's illusion hits you!!
* * * LOW HITPOINT WARNING * * *
Wojtek's illusion burns you.
You die...

#≈≈≈##.....##...##§≈#
#'#'###...###.#R.##@##▓
##.#.# ##'####.##R##.§.▓
.#'#####.≈≈≈'#.##.####.▓
.#.|'∩∩#.≈≈.#R.##......▓
.####∩∩#.≈≈.#######'###▓
..###..#..≈.#..'≈⌠...≈.▓
....'..'..≈≈'..#RRO≈.≈.▓
..###..#≈≈≈.#..#@@.≈.≈.▓
.##∩#..#..))#..#.R.≈...▓
.#..#..####(#######'###▓
'#'##..#.#.#.#.#.#[#)#.▓
.'..'..'#.#.#.#.#.#.#.#▓
.####..#.#.#.#.#.#.#.#.▓
.#.########▓▓▓▓▓▓▓▓▓▓▓▓▓
##.#.§§§...▓....+
...#..§§...▓....▓


You could see 3 Maras, wojtek's illusion and a friendly ogre (berserk).

Vanquished Creatures
  Boris (D)
  Nikola (D)
  Frances (D)
  An Executioner (D)
  Polyphemus (D)
  Gastronok (D)
  A storm dragon (D)
  A nagaraja (D)
  Donald (D)
  Roxanne (D)
  Ilsuiw (D)
  A yellow draconian (D)
  2 dire elephants (D)
  A mummy priest (D)
  Josephine (D)
  2 hydras (D)
  A naga warrior (D)
  A vault guard (D)
  6 anacondas (D)
  A centaur warrior (D)
  A titan zombie (D)
  4 death yaks (D)
  Urug (D)
  3 deep elf knights (D)
  A shadow wraith (D)
  A death drake (D)
  A glowing orange brain (D)
  2 skeletal warriors (D)
  3 anaconda zombies (D)
  A spriggan druid (D)
  An unseen horror (D)
  An obsidian statue (D)
  An orc knight (D)
  A deep elf mage (D)
  A lindwurm (D)
  2 oklob plants (D)
  2 crystal guardians (D)
  An elephant (D)
  A guardian serpent (D)
  4 statues (D)
  7 black mambas (D)
  2 spiny frogs (D)
  A rime drake (D)
  A yaktaur (D)
  A komodo dragon (D)
  2 anaconda simulacra (D)
  A queen bee (D)
  8 blink frogs (D)
  5 slime creatures (D)
  An orc high priest (D)
  3 hornets (D)
  2 tyrant leeches (D)
  3 dream sheep (D)
  A shadow (D)
  3 redbacks (D)
  2 spriggans (D)
  A golden eye (D)
  3 wandering mushrooms (D)
  2 iron troll simulacra (D)
  2 nagas (D)
  A spatial vortex (D)
  2 hydra simulacra (D)
  9 water moccasins (D)
  A swamp drake (D)
  A fire dragon simulacrum (D)
  A necrophage (D)
  2 centaurs (D)
  An earth elemental (D)
  A water elemental (D)
  32 killer bees (D)
  A scorpion (D)
  4 electric eels (D)
  4 orc priests (D)
  A wizard (D)
  A jelly (D)
  2 orc wizards (D)
  Jessica (D)
  A necromancer (D)
  A polar bear simulacrum (D)
  A kobold demonologist (D)
  3 humans (D)
  2 adders (D)
  An ooze (D)
  3 orcs (D)
  2 rats (D)
  3 ballistomycetes (D)
  4 plants (D)
197 creatures vanquished.

Vanquished Creatures (collateral kills)
  Rupert (D)
  A merfolk javelineer (D)
  An orc high priest (D)
  A sea snake (D)
  A shining eye (D)
  An orc sorcerer (D)
  2 crystal guardians (D)
  An elephant (D)
  A molten gargoyle (D)
  A floating eye (D)
  4 orc warriors (D)
  2 orc priests (D)
  4 orcs (D)
  2 plants (D)
23 creatures vanquished.

Vanquished Creatures (others)
  2 draconian scorchers (D)
  Nessos (D)
  6 hellions (D)
  2 yaktaurs (D)
  6 ball lightnings (D)
  A ballistomycete (D)
  2 ballistomycete spores (D)
  9 plants (D)
29 creatures vanquished.

Grand Total: 249 creatures vanquished

Notes
Turn   | Place    | Note
-------+----------+-------------------------------------------
     0 | D        | wojtek the Minotaur Berserker began the quest for the Orb.
     0 | D        | Reached XP level 1. HP: 19/19 MP: 0/0
    10 | D        | Reached skill level 4 in Axes
    48 | D        | Killed a yaktaur
    65 | D        | Noticed Jessica
    86 | D        | Killed Jessica
    86 | D        | Reached ** piety under Trog
    86 | D        | Reached skill level 5 in Axes
    86 | D        | Reached XP level 2. HP: 26/28 MP: 1/1
    86 | D        | Reached XP level 3. HP: 33/35 MP: 2/2
   100 | D        | Killed a hellion
   102 | D        | Killed a hellion
   104 | D        | Killed a hellion
   105 | D        | Killed a hellion
   105 | D        | Killed a hellion
   106 | D        | Killed a hellion
   116 | D        | Noticed a scorpion
   119 | D        | Killed a scorpion
   119 | D        | Reached skill level 5 in Fighting
   119 | D        | Reached skill level 7 in Axes
   119 | D        | Reached XP level 4. HP: 44/44 MP: 3/3
   122 | D        | Reached *** piety under Trog
   122 | D        | Reached skill level 5 in Armour
   178 | D        | Noticed a water elemental
   183 | D        | Killed a water elemental
   183 | D        | Reached skill level 8 in Axes
   183 | D        | Reached skill level 5 in Dodging
   183 | D        | Reached XP level 5. HP: 51/51 MP: 4/4
   189 | D        | Killed a white draconian scorcher
   237 | D        | Found a radiant altar of Vehumet.
   238 | D        | Found a deep blue altar of Sif Muna.
   238 | D        | Found an ancient bone altar of Kikubaaqudgha.
   239 | D        | Paralysed by a wizard for 3 turns
   246 | D        | Reached skill level 9 in Axes
   248 | D        | Reached **** piety under Trog
   261 | D        | Killed a white draconian scorcher
   314 | D        | Found a glowing silver altar of Zin.
   315 | D        | Found a glowing golden altar of the Shining One.
   315 | D        | Found a white marble altar of Elyvilon.
   315 | D        | Noticed a deep elf mage
   332 | D        | Killed a deep elf mage
   332 | D        | Reached ***** piety under Trog
   332 | D        | Reached skill level 12 in Axes
   332 | D        | Reached XP level 6. HP: 63/63 MP: 5/5
   332 | D        | Reached XP level 7. HP: 70/70 MP: 6/6
   376 | D        | Found a hide-covered altar of Uskayaw.
   376 | D        | Found a roughly hewn altar of Beogh.
   376 | D        | Found an iron altar of Okawaru.
   376 | D        | Found a bloodstained altar of Trog.
   376 | D        | Found an ornate altar of the Wu Jian Council.
   376 | D        | Noticed a human
   381 | D        | Killed a human
   382 | D        | Noticed a human
   393 | D        | Killed a human
   393 | D        | Reached skill level 13 in Axes
   439 | D        | Found a basalt altar of Yredelemnul.
   439 | D        | Found a shadowy altar of Dithmenos.
   439 | D        | Found a sacrificial altar of Ru.
   451 | D        | Reached skill level 10 in Fighting
   451 | D        | Reached XP level 8. HP: 72/78 MP: 7/7
   470 | D        | Reached skill level 10 in Armour
   487 | D        | Found a blossoming altar of Fedhas.
   487 | D        | Found a stormy altar of Qazlal.
   488 | D        | Found a snail-covered altar of Cheibriados.
   488 | D        | Found a burning altar of Makhleb.
   488 | D        | Found a hazy altar of Hepliaklqana.
   488 | D        | Found a shimmering altar of Xom.
   488 | D        | Found an opulent altar of Gozag.
   488 | D        | Found a sparkling altar of Nemelex Xobeh.
   488 | D        | Found a corrupted altar of Lugonu.
   488 | D        | Found a viscous altar of Jiyva.
   546 | D        | Noticed Josephine
   565 | D        | Killed Josephine
   565 | D        | Reached ****** piety under Trog
   565 | D        | Reached skill level 15 in Axes
   565 | D        | Reached skill level 10 in Dodging
   565 | D        | Reached XP level 9. HP: 88/88 MP: 8/8
   615 | D        | Received a gift from Trog
   769 | D        | Noticed an orc high priest
   780 | D        | Killed an orc high priest
   785 | D        | Received a gift from Trog
   786 | D        | Noticed an orc sorcerer
   800 | D        | Paralysed by an orc sorcerer for 3 turns
   814 | D        | Killed an orc sorcerer
   814 | D        | Reached skill level 16 in Axes
   816 | D        | Received a gift from Trog
   833 | D        | Found Tenohin's Book Boutique.
   846 | D        | Got a smoking battleaxe {god gift}
   847 | D        | Identified the +9 battleaxe "Zopacs" {chop, rN+} (Trog gifted it to you in the Dungeon)
  1063 | D        | Noticed a centaur warrior
  1067 | D        | Killed a centaur warrior
  1141 | D        | Killed an unseen horror
  1141 | D        | Reached skill level 17 in Axes
  1141 | D        | Reached XP level 10. HP: 80/99 MP: 9/9
  1216 | D        | Received a gift from Trog
  1231 | D        | Received a gift from Trog
  1248 | D        | Received a gift from Trog
  1252 | D        | Received a gift from Trog
  1260 | D        | Reached skill level 18 in Axes
  1269 | D        | Received a gift from Trog
  1276 | D        | Got a jewelled battleaxe {god gift}
  1353 | D        | Identified the +12 battleaxe of Demonkind {chaos, MR+} (Trog gifted it to you in the Dungeon)
  1735 | D        | Noticed a spiny frog
  1735 | D        | Noticed a spiny frog
  1739 | D        | Killed a spiny frog
  1741 | D        | Killed a spiny frog
  2070 | D        | Received a gift from Trog
  2101 | D        | Reached skill level 19 in Axes
  2101 | D        | Reached XP level 11. HP: 110/110 MP: 10/10
  2138 | D        | Noticed Rupert
  2143 | D        | Killed Rupert
  2143 | D        | Received a gift from Trog
  2146 | D        | Got a twisted executioner's axe {god gift}
  2147 | D        | Identified the +8 executioner's axe of the Hawk {flame, +Inv rPois} (Trog gifted it to you in the Dungeon)
  2162 | D        | Reached skill level 15 in Fighting
  2168 | D        | Noticed a dire elephant
  2169 | D        | Noticed a dire elephant
  2183 | D        | Killed a dire elephant
  2183 | D        | Reached skill level 20 in Axes
  2183 | D        | Reached skill level 15 in Armour
  2186 | D        | Killed a dire elephant
  2480 | D        | Noticed Gastronok
  2480 | D        | Noticed an azure jelly
  2480 | D        | Noticed an azure jelly
  2480 | D        | Noticed an azure jelly
  2480 | D        | Noticed an azure jelly
  2489 | D        | Killed Gastronok
  2489 | D        | Received a gift from Trog
  2523 | D        | Noticed a death yak
  2524 | D        | Noticed a death yak
  2595 | D        | Noticed a death yak
  2599 | D        | Noticed a death yak
  2599 | D        | Killed a death yak
  2599 | D        | Reached skill level 21 in Axes
  2603 | D        | Killed a death yak
  2603 | D        | Reached XP level 12. HP: 101/121 MP: 11/11
  2606 | D        | Killed a death yak
  2606 | D        | Received a gift from Trog
  2610 | D        | Killed a death yak
  2610 | D        | Reached skill level 15 in Dodging
  2730 | D        | Noticed Polyphemus
  2765 | D        | Killed Polyphemus
  2765 | D        | Reached skill level 22 in Axes
  2950 | D        | Noticed Ilsuiw
  2964 | D        | Killed Ilsuiw
  2969 | D        | Found Riehirphu's Antique Armour Shoppe.
  2977 | D        | Found Atsi's Jewellery Boutique.
  2978 | D        | Found Viysaf's Distillery.
  2979 | D        | Noticed a merfolk javelineer
  2987 | D        | Killed a merfolk javelineer
  3030 | D        | Got a barnacled rune of Zot
  3113 | D        | Received a gift from Trog
  3226 | D        | Noticed Urug
  3228 | D        | Killed Urug
  3228 | D        | Received a gift from Trog
  3415 | D        | Noticed a five-headed hydra
  3415 | D        | Noticed a four-headed hydra
  3423 | D        | Killed a three-headed hydra
  3424 | D        | Killed a three-headed hydra
  3424 | D        | Reached skill level 23 in Axes
  3430 | D        | Killed Nessos
  3630 | D        | Found a blossoming altar of Fedhas.
  3637 | D        | Received a gift from Trog
  3688 | D        | Noticed an anaconda
  3692 | D        | Killed an anaconda
  3697 | D        | Received a gift from Trog
  3701 | D        | Reached XP level 13. HP: 108/130 MP: 12/12
  3773 | D        | Received a gift from Trog
  3907 | D        | Reached skill level 24 in Axes
  4019 | D        | Received a gift from Trog
  4034 | D        | Noticed a nagaraja
  4035 | D        | Found Aveng's Gadget Shop.
  4035 | D        | Found Angicuci's Antique Armour Shoppe.
  4049 | D        | Killed a nagaraja
  4071 | D        | Found Aniovvy's Food Boutique.
  4171 | D        | Got a serpentine rune of Zot
  4184 | D        | Bought a pair of runed boots for 195 gold pieces
  4277 | D        | Noticed Donald
  4277 | D        | Noticed Frances
  4283 | D        | Killed Frances
  4283 | D        | Received a gift from Trog
  4285 | D        | Killed Donald
  4285 | D        | Reached skill level 25 in Axes
  4478 | D        | Received a gift from Trog
  4657 | D        | Found Sijatobb's Distillery.
  4657 | D        | Found Diluroir's Antique Weapon Shop.
  4657 | D        | Found Aroin's Antique Armour Boutique.
  4657 | D        | Found Taakom's Gadget Shoppe.
  4657 | D        | Found Cinemuipn's Jewellery Boutique.
  4657 | D        | Found Inuorch's Antique Armour Emporium.
  4657 | D        | Found Ucoro's Food Shoppe.
  4657 | D        | Found Odeit's Assorted Antiques.
  4657 | D        | Found Kygog's Book Shop.
  4657 | D        | Found Zeeqaxt's Jewellery Emporium.
  4657 | D        | Found Nieclad's Book Emporium.
  4657 | D        | Found Ecoacvos's Magic Scroll Boutique.
  4699 | D        | Bought 2 scrolls of fog for 44 gold pieces
  4700 | D        | Bought the ring "Ivvoul" {rElec rC+ MR+} for 598 gold pieces
  4700 | D        | Bought an uncursed ring of protection from cold for 325 gold pieces
  4804 | D        | Received a gift from Trog
  5171 | D        | Received a gift from Trog
  5188 | D        | Found Ufelueme's Gadget Emporium.
  5188 | D        | Found Ethah's Distillery.
  5188 | D        | Found Pulieqo's Food Shop.
  5188 | D        | Found Budutead's Distillery.
  5454 | D        | Noticed a mummy priest
  5455 | D        | Killed a mummy priest
  5455 | D        | Received a gift from Trog
  5468 | D        | Reached skill level 26 in Axes
  5468 | D        | Reached XP level 14. HP: 133/143 MP: 13/13
  5480 | D        | Noticed Nikola
  5480 | D        | Noticed a storm dragon
  5490 | D        | Killed a storm dragon
  5504 | D        | Killed Nikola
  5504 | D        | Received a gift from Trog
  5674 | D        | Received a gift from Trog
  5733 | D        | Found Taoffiugh's Gadget Boutique.
  5763 | D        | Received a gift from Trog
  5847 | D        | Noticed an Executioner
  5850 | D        | Killed an Executioner
  5850 | D        | Reached skill level 27 in Axes
  5911 | D        | Received a gift from Trog
  6040 | D        | Noticed Roxanne
  6054 | D        | Killed Roxanne
  6055 | D        | Identified Roxanne's Volume of the Mountains (You took it off Roxanne in the Dungeon)
  6085 | D        | Received a gift from Trog
  6096 | D        | Noticed Boris
  6113 | D        | Killed Boris
  6220 | D        | Noticed a vampire knight
  6220 | D        | Noticed Mara
  6220 | D        | Noticed a vampire knight
  6234 | D        | Noticed wojtek's illusion
  6292 | D        | Noticed wojtek's illusion
  6303 | D        | HP: 1/148 [wojtek's illusion[Mara] (27)]
  6303 | D        | Slain by wojtek's illusion

Skill      XL: |  1  2  3  4  5  6  7  8  9 10 11 12 13 14 |
---------------+-------------------------------------------+-----
Fighting       | 4 5 6 9 10 11 12 14 16 17 19 21 | 21.8
Axes           | 5 7 8 12 13 15 17 19 21 23 26 27 | 27.0
Armour         | 4 6 8 9 11 12 14 16 17 19 21 | 21.8
Dodging        | 3 4 5 8 10 11 13 14 16 18 20 | 20.3

Action                   |  1- 3 |  4- 6 |  7- 9 | 10-12 | 13-15 || total
-------------------------+-------+-------+-------+-------+-------++-------
Melee: Hand axe          |    18 |    17 |    77 |       |       ||   112
       Headbutt          |     3 |     5 |    24 |    29 |    53 ||   114
       Battleaxe         |       |       |     6 |    92 |       ||    98
       Executioner's axe |       |       |     3 |   110 |   238 ||   351
Invok: Berserk           |     1 |     3 |     3 |     4 |     1 ||    12
       Burn Spellbooks   |       |     1 |       |       |       ||     1
       Brothers in Arms  |       |       |     2 |     2 |    10 ||    14
Evoke: Fan of gales      |       |       |       |       |     1 ||     1
       Box of beasts     |       |       |       |       |     1 ||     1
  Use: Scroll            |       |       |     1 |       |       ||     1
 Stab: Distracted        |       |       |       |     1 |       ||     1
  Eat: Chunk             |       |     1 |     4 |     6 |     5 ||    16
       Ration            |       |       |     1 |     2 |     2 ||     5
Armor: Ring mail         |     5 |     5 |    15 |       |       ||    25
       Animal skin       |     1 |       |       |       |       ||     1
       Plate armour      |       |       |     5 |    85 |    96 ||   186
Dodge: Dodged            |     4 |     6 |    22 |   114 |   102 ||   248
